 Dungeon Sprint DCSS version 0.27.1-33-g824d729ab1 (webtiles) character file.

Game seed: 9463113901870379205

109 Adenis the Cudgeller (level 4, -3/49 HPs)
             Began as a Troll Berserker on Dec 4, 2021.
             Was a Follower of Trog.
             Slain by Sigmund (11 damage)
             ... in the Dungeon (Sprint I: "Red Sonja").
             The game lasted 00:00:39 (50 turns).

Adenis the Cudgeller (Troll Berserker)                Turns: 50, Time: 00:00:40

Health: -3/49      AC:  4    Str: 26    XL:     4   Next: 60%
Magic:  3/3        EV: 10    Int:  3    God:    Trog [*.....]
Gold:   0          SH:  0    Dex:  9    Spells: 3/3 levels left

rFire    . . .     SeeInvis .   g - +0 giant spiked club
rCold    . . .     Faith    .   (shield currently unavailable)
rNeg     . . .     Spirit   .   b - +0 animal skin
rPois    .         Reflect  .   (helmet restricted)
rElec    .         Harm     .   (no cloak)
rCorr    .         Rampage  .   (gloves unavailable)
Will     .....     NoTele   +   (boots unavailable)
Stlth    +.........             (no amulet)
HPRegen  1.16/turn              (no ring)
MPRegen  0.08/turn              (no ring)

@: on berserk cooldown, slowed, very slow
A: large, unfitting armour, claws 3, regeneration 1, shaggy fur 1, tough skin 1
a: Renounce Religion, Berserk


You were in the Dungeon.
You worshipped Trog.
Trog was aware of your devotion.
You visited 1 branch

Inventory:

Hand Weapons
 a - a +0 mace
 g - a +0 giant spiked club (weapon)
Armour
 b - a +0 animal skin (worn)
Scrolls
 h - a scroll of blinking
Potions
 c - a potion of curing
 d - a potion of heal wounds
 e - a potion of haste
 f - 2 potions of magic


   Skills:
 + Level 4.9 Fighting
 + Level 5.7 Maces & Flails
 + Level 4.9 Dodging


You had 3 spell levels left.
You didn't know any spells.
Your spell library was empty.

Dungeon Overview and Level Annotations

Branches:
Dungeon (1/1)

Altars:

Annotations:
D Sigmund


Innate Abilities, Weirdness & Mutations

You are too large for most types of armour.
You have claws for hands.
Your natural rate of healing is unusually fast.
You are covered in fur. (AC +1)
You have tough skin. (AC +1)


Message History

The ogre barely misses you.
You hit the ogre.
You kill the ogre!
Trog accepts your kill.
Your Fighting skill increases to level 4!
Your Maces & Flails skill increases to level 5!
Your Dodging skill increases to level 4!
You have reached level 3!
Your experience leads to an increase in your attributes!
Increase (S)trength, (I)ntelligence, or (D)exterity?
You feel stronger. x2
You have reached level 4!
There is an open door, spattered with blood here.
You see here a +0 giant spiked club.
g - a +0 giant spiked club You feel a strong urge to attack something.
g - a +0 giant spiked club (weapon)
You are no longer berserk.
You are exhausted.
You feel yourself slow down.
You open the door.
Sigmund the Dreaded comes into view.
He is wielding a +0 scythe of flaming.
Sigmund shouts!
Sigmund casts a spell.
Sigmund flickers and vanishes!
Deactivating autopickup; reactivate with Ctrl-A.
Something hits you. Something burns you.
There is an open door here.
Something hits you but does no damage. Something hits you. Something burns you.
You barely miss something. Something hits you! Something burns you.
Something hits you. Something burns you.
You closely miss something. Something hits you! Something burns you.
* * * LOW HITPOINT WARNING * * *
You hear some strange, mumbled words.
A puff of flame appears from out of thin air!
The puff of flame hits you.
* * * LOW HITPOINT WARNING * * *
Something hits you!
You die...

#############
#<.#..'..#.{+
#..)..#..'@.#
#..#####+####
#..# #..#
#..# #⌠⌠#
####


There were no monsters in sight!

Vanquished Creatures
  An ogre (D)
  Ijyb (D)
2 creatures vanquished.

Notes
Turn   | Place    | Note
-------+----------+-------------------------------------------
     0 | D        | Adenis the Troll Berserker began the quest for the Orb.
     0 | D        | Reached XP level 1. HP: 22/22 MP: 0/0
     2 | D        | Noticed Ijyb
    27 | D        | Killed Ijyb
    28 | D        | Reached skill level 4 in Maces & Flails
    28 | D        | Reached XP level 2. HP: 31/31 MP: 1/1
    32 | D        | Noticed an ogre
    37 | D        | Killed an ogre
    38 | D        | Reached skill level 5 in Maces & Flails
    38 | D        | Reached XP level 3. HP: 41/41 MP: 2/2
    38 | D        | Reached XP level 4. HP: 49/49 MP: 3/3
    44 | D        | Noticed Sigmund
    50 | D        | Slain by Sigmund

Illustrated notes

Levels and vault maps discovered:
D:        dungeon_sprint_1 [red_sonja_temple_1, red_sonja_temple_small_1]

Skill      XL: |  1  2 |
---------------+-------+-----
Fighting       | 3 4 |  4.9
Maces & Flails | 4 5 |  5.7
Dodging        | 3 4 |  4.9

Action                   |  1- 3 |  4- 6 || total
-------------------------+-------+-------++-------
Melee: Mace              |    18 |       ||    18
       Giant spiked club |       |     2 ||     2
  Use: Potion            |     1 |       ||     1
Armor: Skin              |    11 |       ||    11
       Animal skin       |     4 |     1 ||     5
Dodge: Dodged            |     4 |       ||     4
